 Dungeon Crawl Stone Soup version 0.26-a0-8-gc4d20be10f (webtiles) character file.

Game seed: 816350102778185400, levelgen mode: deterministic

8092 Klosterheim the Magician (level 11, 0/85 HPs)
             Began as a Gnoll Warper on May 24, 2020.
             Was a Priest of Dithmenos.
             Slain by a black mamba (4 damage)
             ... on level 2 of the Lair of Beasts.
             The game lasted 00:52:29 (19459 turns).

Klosterheim the Magician (Gnoll Warper)            Turns: 19459, Time: 00:52:30

Health: 0/85       AC:  7    Str: 11    XL:     11   Next: 25%
Magic:  17/22      EV: 17    Int: 17    God:    Dithmenos [***...]
Gold:   490        SH:  0    Dex: 14    Spells: 16/25 levels left

rFire    . . .     SeeInvis .   k - +0 hand crossbow
rCold    + + +     Gourm    .   (no shield)
rNeg     . . .     Faith    .   r - +2 animal skin
rPois    +         Spirit   .   t - +0 helmet
rElec    +         Reflect  .   (no cloak)
rCorr    .         Harm     .   g - +0 pair of gloves
MR       .....                  (no boots)
Stlth    +++++++...             B - amulet of Iminuxt {RegenMP rElec rC+++ Str-5 Stlth+}
HPRegen  0.24/turn              h - ring of stealth
MPRegen  0.43/turn              b - ring of poison resistance

@: wreathed by umbra
A: distributed training, fangs 1, strong nose
a: Shadow Step, Renounce Religion


You were on level 2 of the Lair of Beasts.
You worshipped Dithmenos.
Dithmenos was most pleased with you.
You were not hungry.

You visited 3 branches of the dungeon, and saw 13 of its levels.

You collected 490 gold pieces.

Inventory:

Hand Weapons
 a - a +0 hand axe
 e - the +4 spear of the End of Times {pain, Str+2 SInv}
   (You found it on level 6 of the Dungeon)

   In the hands of one skilled in necromantic magic, it inflicts extra damage on
   living creatures.
   It affects your strength (+2).
   It lets you see invisible.
 k - a +0 hand crossbow (weapon)
Missiles
 q - 4 boomerangs
 u - 44 bolts (quivered)
Armour
 g - a +0 pair of gloves (worn)
 i - a +0 chain mail
 r - a +2 animal skin (worn)
 t - a +0 helmet (worn)
 D - the +0 leather armour "Dogiab" {Harm rC++ rCorr Slay-4}
   (You found it on level 6 of the Dungeon)

   It affects your accuracy and damage with ranged weapons and melee attacks
   (-4).
   It greatly protects you from cold.
   It provides partial protection from all sources of acid and corrosion.
   It increases damage dealt and taken.
Jewellery
 b - a ring of poison resistance (right hand)
 h - a ring of stealth (left hand)
 n - an uncursed ring of resist corrosion
 p - an uncursed amulet of guardian spirit
 z - an uncursed ring of magical power {unknown}
 B - the amulet of Iminuxt (around neck) {RegenMP rElec rC+++ Str-5 Stlth+}
   (You found it on level 5 of the Dungeon)

   [amulet of magic regeneration]

   It increases your magic regeneration.
   It affects your strength (-5).
   It renders you almost immune to cold.
   It insulates you from electricity.
   It makes you more stealthy.
 L - an uncursed amulet of faith {unknown}
Wands
 d - a wand of polymorph (6)
 C - a wand of paralysis (2)
 F - a wand of acid (8)
 G - a wand of digging (10)
 H - a wand of random effects (3)
Scrolls
 o - 5 scrolls of identify
 v - 4 scrolls of remove curse
 w - 2 scrolls of vulnerability
 x - 2 scrolls of teleportation
 y - 3 scrolls of magic mapping
 E - 3 scrolls of amnesia
Potions
 c - a potion of mutation
 j - 3 potions of might
 l - 3 potions of flight
 m - 3 potions of curing
 s - a potion of magic
 A - 3 potions of stabbing
 I - a potion of lignification {unknown}
 J - a potion of ambrosia {unknown}
 K - a potion of degeneration {unknown}
Comestibles
 f - 6 rations


   Skills:
 + Level 7.6 Fighting
 + Level 6.0 Short Blades
 + Level 6.0 Long Blades
 + Level 7.6 Axes
 + Level 6.0 Maces & Flails
 + Level 6.0 Polearms
 + Level 6.0 Staves
 + Level 6.0 Slings
 + Level 6.0 Bows
 + Level 6.0 Crossbows
 + Level 6.6 Throwing
 + Level 6.6 Armour
 + Level 7.6 Dodging
 + Level 6.0 Stealth
 + Level 6.0 Shields
 + Level 6.0 Unarmed Combat
 + Level 7.9 Spellcasting
 + Level 5.0 Conjurations
 + Level 5.0 Hexes
 + Level 5.0 Charms
 + Level 5.0 Summonings
 + Level 5.0 Necromancy
 + Level 7.5 Translocations
 + Level 5.0 Transmutations
 + Level 5.0 Fire Magic
 + Level 5.0 Ice Magic
 + Level 5.0 Air Magic
 + Level 5.0 Earth Magic
 + Level 5.0 Poison Magic
 + Level 6.6 Invocations
 + Level 6.0 Evocations


You had 16 spell levels left.
You knew the following spells:

 Your Spells              Type           Power        Failure   Level  Hunger
a - Teleport Other        Tloc           ####....     1%          3    #......
b - Blink                 Tloc           N/A          1%          2    None
c - Passage of Golubria   Tloc           N/A          4%          4    ###....

Your spell library contained the following spells:

 Spells                   Type           Power        Failure   Level  Hunger
 Animate Skeleton         Necr           N/A          1%          1    None
 Apportation              Tloc           ####..       1%          1    None
 Corona                   Hex            ###....      1%          1    None
 Summon Small Mammal      Summ           ###.         1%          1    None
 Shroud of Golubria       Chrm/Tloc      ####..       1%          2    None
 Gell's Gravitas          Tloc           ####......   1%          3    #......
 Lesser Beckoning         Tloc           ####......   1%          3    #......


Dungeon Overview and Level Annotations

Branches:
Dungeon (10/15)            Temple (1/1) D:4            Lair (2/6) D:9
  Swamp: Lair:2-4    Shoals: Lair:2-4     Snake: Lair:2-4    Spider: Lair:2-4
    Orc: D:9-12

Altars:
Ashenzari
Cheibriados
Dithmenos
Elyvilon
Fedhas
Gozag
Hepliaklqana
Kikubaaqudgha
Makhleb
Nemelex Xobeh
Okawaru
Qazlal
Ru
Sif Muna
Trog
Uskayaw
Vehumet
Wu Jian
Xom
Yredelemnul
Zin
The Shining One

Shops:
D:5 [   D:7 (

Annotations:
D:8 Psyche


Innate Abilities, Weirdness & Mutations

Your experience applies equally to all skills.
You have very sharp teeth.
Your uncanny sense of smell can sniff out nearby items.


Message History

Okay, then.
You see here 13 stones.
Casting: Blink (safe; 1% risk of failure)
Confirm with . or Enter, or press ? or * to list all spells.
You blink.
The black mamba misses you. The black mamba closely misses you.
Casting: Blink (safe; 1% risk of failure)
Confirm with . or Enter, or press ? or * to list all spells.
You blink.
The black mamba misses you. The black mamba bites you!
* * * LOW HITPOINT WARNING * * *
Casting: Blink (safe; 1% risk of failure)
Confirm with . or Enter, or press ? or * to list all spells.
You blink.
Firing (i - inventory. (/) - cycle)
u - 45 bolts (quivered)
Press: ? - help, Shift-Dir - straight line, f/p - black mamba
Aim: a black mamba (heavily wounded, umbra)
You shoot a bolt.
The bolt hits the black mamba but does no damage.
The black mamba is heavily wounded.
The black mamba barely misses you. The black mamba bites you.
You die...

.............<###.# #### ..
..........###.....####..##..
..........####.............#
..........P##.÷.............
.....r.../##........#....##.
#/.....###...(#######.##
#.....P##..(P§# ###
##.....#..S..##
#.##....@..## # #.....###
##....# ##....# ##..## #.##
#.# #[# ...


You could see a black mamba.

Vanquished Creatures
  2 hydras
  Joseph (D:9)
  3 spiny frogs
  A rime drake (Lair:1)
  A hippogriff (D:9)
  5 yaks
  A basilisk (Lair:1)
  A hungry ghost (D:6)
  4 water moccasins
  2 porcupines (Lair:1)
  A phantom (D:8)
  2 sky beasts
  2 ogres
  An orc warrior (D:6)
  3 wolves
  3 crocodiles
  A big kobold (D:10)
  5 bullfrogs
  A wyvern skeleton (D:7)
  2 scorpions
  3 wights (D:6)
  2 howler monkeys (D:9)
  A bullfrog zombie (D:7)
  3 crimson imps
  3 jellies
  8 hounds
  2 centaur skeletons
  8 orc priests
  3 bullfrog skeletons
  Natasha (thrice) (D:4)
  2 iguanas
  8 orc wizards
  9 worker ants
  A killer bee zombie (D:7)
  A mummy (D:6)
  2 worker ant zombies (D:6)
  Robin (D:4)
  2 howler monkey zombies
  8 adders
  A howler monkey skeleton (D:6)
  3 shadow imps
  An ooze (D:5)
  3 adder skeletons
  A worm (D:3)
  3 dart slugs
  9 leopard geckos
  42 orcs
  21 giant cockroaches
  10 goblins
  10 hobgoblins
  8 jackals
  A quokka (D:5)
  A ball python (D:4)
  7 bats
  10 frilled lizards
  9 kobolds
  A leopard gecko skeleton (D:6)
  A quokka zombie (D:9)
  4 rats
258 creatures vanquished.

Vanquished Creatures (others)
  A plant (D:9)
1 creature vanquished.

Grand Total: 259 creatures vanquished

Notes
Turn   | Place    | Note
-------+----------+-------------------------------------------
     0 | D:1      | Klosterheim the Gnoll Warper began the quest for the Orb.
     0 | D:1      | Reached XP level 1. HP: 20/20 MP: 6/6
   326 | D:1      | Reached XP level 2. HP: 25/26 MP: 7/7
  1761 | D:2      | Reached XP level 3. HP: 31/31 MP: 9/9
  1770 | D:2      | Reached skill level 5 in Spellcasting
  1981 | D:2      | Reached skill level 1 in Invocations
  2279 | D:3      | Reached skill level 1 in Short Blades
  2279 | D:3      | Reached skill level 1 in Long Blades
  2279 | D:3      | Reached skill level 1 in Maces & Flails
  2279 | D:3      | Reached skill level 1 in Polearms
  2279 | D:3      | Reached skill level 1 in Staves
  2279 | D:3      | Reached skill level 1 in Slings
  2279 | D:3      | Reached skill level 1 in Bows
  2279 | D:3      | Reached skill level 1 in Crossbows
  2279 | D:3      | Reached skill level 1 in Stealth
  2279 | D:3      | Reached skill level 1 in Shields
  2279 | D:3      | Reached skill level 1 in Unarmed Combat
  2279 | D:3      | Reached skill level 1 in Evocations
  2279 | D:3      | Reached XP level 4. HP: 38/38 MP: 11/11
  2567 | D:3      | Reached skill level 1 in Conjurations
  2567 | D:3      | Reached skill level 1 in Hexes
  2567 | D:3      | Reached skill level 1 in Charms
  2567 | D:3      | Reached skill level 1 in Summonings
  2567 | D:3      | Reached skill level 1 in Necromancy
  2567 | D:3      | Reached skill level 1 in Transmutations
  2567 | D:3      | Reached skill level 1 in Fire Magic
  2567 | D:3      | Reached skill level 1 in Ice Magic
  2567 | D:3      | Reached skill level 1 in Air Magic
  2567 | D:3      | Reached skill level 1 in Earth Magic
  2567 | D:3      | Reached skill level 1 in Poison Magic
  3169 | D:3      | Reached XP level 5. HP: 43/43 MP: 12/12
  3249 | D:3      | Found a shattered altar of Ashenzari.
  3489 | D:4      | Noticed Robin
  3663 | D:4      | Killed Robin
  3695 | D:4      | Noticed Natasha
  3770 | D:4      | Killed Natasha
  3803 | D:4      | Learned a level 3 spell: Teleport Other
  3806 | D:4      | Learned a level 2 spell: Blink
  3936 | D:3      | Reached XP level 6. HP: 17/50 MP: 4/13
  4469 | D:3      | Reached skill level 5 in Fighting
  4469 | D:3      | Reached skill level 5 in Axes
  4469 | D:3      | Reached skill level 5 in Dodging
  4762 | D:4      | Noticed Natasha
  4783 | D:4      | Killed Natasha
  4876 | D:4      | Noticed Natasha
  4893 | D:4      | Killed Natasha
  4893 | D:4      | Reached XP level 7. HP: 43/56 MP: 13/15
  4987 | D:4      | Found an opulent altar of Gozag.
  5115 | D:4      | Found a staircase to the Ecumenical Temple.
  5148 | Temple   | Entered the Ecumenical Temple
  5502 | Temple   | Became a worshipper of Dithmenos the Shadowed
  5896 | D:5      | Entered Level 5 of the Dungeon
  6706 | D:5      | Got a brightly glowing copper amulet
  6870 | D:5      | Found Tetoruiss's Armour Shop.
  7457 | D:6      | Reached XP level 8. HP: 63/63 MP: 16/16
  7898 | D:6      | Got a pitted spear
  8066 | D:6      | Identified the +4 spear of the End of Times {pain, Str+2
                  | SInv} (You found it on level 6 of the Dungeon)
  9024 | D:6      | Reached * piety under Dithmenos
  9320 | D:6      | Got a steaming leather armour
  9337 | D:6      | Identified the +0 leather armour "Dogiab" {Harm rC++ rCorr
                  | Slay-4} (You found it on level 6 of the Dungeon)
 10001 | D:6      | Found a snail-covered altar of Cheibriados.
 10192 | D:7      | Reached XP level 9. HP: 47/69 MP: 14/18
 10246 | D:7      | Identified the amulet of Iminuxt {RegenMP rElec rC+++ Str-5
                  | Stlth+} (You found it on level 5 of the Dungeon)
 11070 | D:7      | Found an ornate altar of the Wu Jian Council.
 11680 | D:7      | Reached ** piety under Dithmenos
 11963 | D:7      | Found Qusoor's Antique Weapon Emporium.
 12122 | D:7      | Learned a level 4 spell: Passage of Golubria
 12158 | D:8      | Reached skill level 5 in Throwing
 12158 | D:8      | Reached skill level 5 in Armour
 12185 | D:8      | Found a sparkling altar of Nemelex Xobeh.
 12187 | D:8      | Found a sacrificial altar of Ru.
 13156 | D:8      | Noticed Psyche
 13418 | D:9      | Found an ornate altar of the Wu Jian Council.
 13625 | D:9      | Found a staircase to the Lair.
 13732 | D:9      | Noticed Joseph
 14001 | D:10     | Entered Level 10 of the Dungeon
 14037 | D:10     | Reached *** piety under Dithmenos
 14428 | D:9      | Reached skill level 5 in Invocations
 14557 | D:9      | Killed Joseph
 14877 | D:9      | Found a staircase to the Lair.
 14969 | D:9      | Found an ornate altar of the Wu Jian Council.
 15318 | D:10     | Noticed a two-headed ogre
 15319 | D:10     | Reached XP level 10. HP: 77/77 MP: 20/20
 15340 | D:10     | Noticed an unseen horror
 15590 | Lair:1   | Entered Level 1 of the Lair of Beasts
 15679 | Lair:1   | Noticed a spiny frog
 15680 | Lair:1   | Noticed a spiny frog
 15706 | D:9      | Killed a spiny frog
 15724 | D:9      | Killed a spiny frog
 15724 | D:9      | Reached skill level 5 in Short Blades
 15724 | D:9      | Reached skill level 5 in Long Blades
 15724 | D:9      | Reached skill level 5 in Maces & Flails
 15724 | D:9      | Reached skill level 5 in Polearms
 15724 | D:9      | Reached skill level 5 in Staves
 15724 | D:9      | Reached skill level 5 in Slings
 15724 | D:9      | Reached skill level 5 in Bows
 15724 | D:9      | Reached skill level 5 in Crossbows
 15724 | D:9      | Reached skill level 5 in Stealth
 15724 | D:9      | Reached skill level 5 in Shields
 15724 | D:9      | Reached skill level 5 in Unarmed Combat
 15724 | D:9      | Reached skill level 5 in Evocations
 15913 | Lair:1   | Noticed a spiny frog
 17195 | Lair:1   | Noticed a four-headed hydra
 17252 | D:9      | Killed a four-headed hydra
 17990 | Lair:1   | Killed a spiny frog
 18276 | Lair:1   | Reached XP level 11. HP: 84/84 MP: 22/22
 18282 | Lair:1   | Noticed a seven-headed hydra
 18316 | Lair:1   | Killed a seven-headed hydra
 18842 | Lair:1   | Reached skill level 5 in Conjurations
 18842 | Lair:1   | Reached skill level 5 in Hexes
 18842 | Lair:1   | Reached skill level 5 in Charms
 18842 | Lair:1   | Reached skill level 5 in Summonings
 18842 | Lair:1   | Reached skill level 5 in Necromancy
 18842 | Lair:1   | Reached skill level 5 in Transmutations
 18842 | Lair:1   | Reached skill level 5 in Fire Magic
 18842 | Lair:1   | Reached skill level 5 in Ice Magic
 18842 | Lair:1   | Reached skill level 5 in Air Magic
 18842 | Lair:1   | Reached skill level 5 in Earth Magic
 18842 | Lair:1   | Reached skill level 5 in Poison Magic
 19457 | Lair:2   | HP: 4/85 [black mamba (8)]
 19459 | Lair:2   | Slain by a black mamba

Illustrated notes

Levels and vault maps discovered:
D:1:      dpeg_arrival_rooms_b, layout_basic, minmay_pentomino_u4
D:2:      minmay_roachtagon, layout_basic, first_ration
D:3:      minmay_skewed_foursquare, layout_basic, ashenzari_conservatory_becter
D:4:      layout_rooms, lemuel_doored_altar, minmay_temple_entry_stoned_glass,
          uniq_robin, uniq_natasha
D:5:      layout_basic, serial_shops, nicolae_shop_stone
D:6:      layout_basic, slow_altar_2
D:7:      layout_loops_corners, serial_shops, shop, basic_altar
D:8:      layout_loops_ring, grunt_temple_overflow_open, grunt_ogre_cave,
          uniq_psyche
D:9:      layout_loops_ring, old_standard_altar, lair_entry_dummy,
          minmay_lizard_king, uniq_joseph
D:10:     layout_loops_ring, hangedman_decor_growths
Temple:   minmay_temple_bridge_d
Lair:1:   layout_layer_cave, chequers_serial_rivers_micro_b, grunt_megastairs_1
Lair:2:   layout_cave_pods, minivault_11, st_stairs_3

Skill      XL: |  1  2  3  4  5  6  7  8  9 10 11 |
---------------+----------------------------------+-----
Spellcasting   | 5 6 7 |  7.9
Invocations    | 1 2 3 4 5 6 |  6.6
Short Blades   | 1 2 3 4 5 6 |  6.0
Long Blades    | 1 2 3 4 5 6 |  6.0
Maces & Flails | 1 2 3 4 5 6 |  6.0
Polearms       | 1 2 3 4 5 6 |  6.0
Staves         | 1 2 3 4 5 6 |  6.0
Slings         | 1 2 3 4 5 6 |  6.0
Bows           | 1 2 3 4 5 6 |  6.0
Crossbows      | 1 2 3 4 5 6 |  6.0
Stealth        | 1 2 3 4 5 6 |  6.0
Shields        | 1 2 3 4 5 6 |  6.0
Unarmed Combat | 1 2 3 4 5 6 |  6.0
Evocations     | 1 2 3 4 5 6 |  6.0
Conjurations   | 1 2 3 4 5 |  5.0
Hexes          | 1 2 3 4 5 |  5.0
Charms         | 1 2 3 4 5 |  5.0
Summonings     | 1 2 3 4 5 |  5.0
Necromancy     | 1 2 3 4 5 |  5.0
Transmutations | 1 2 3 4 5 |  5.0
Fire Magic     | 1 2 3 4 5 |  5.0
Ice Magic      | 1 2 3 4 5 |  5.0
Air Magic      | 1 2 3 4 5 |  5.0
Earth Magic    | 1 2 3 4 5 |  5.0
Poison Magic   | 1 2 3 4 5 |  5.0
Throwing       | 3 4 5 6 |  6.6
Armour         | 3 4 5 6 |  6.6
Fighting       | 5 6 7 |  7.6
Axes           | 5 6 7 |  7.6
Dodging        | 5 6 7 |  7.6
Translocations | 6 7 |  7.5

Action                   |  1- 3 |  4- 6 |  7- 9 | 10-12 || total
-------------------------+-------+-------+-------+-------++-------
Melee: Hand axe          |   142 |   244 |   316 |       ||   702
       Bite              |    19 |    38 |    92 |    17 ||   166
       Punch             |     1 |     1 |    15 |     5 ||    22
       Spear             |       |       |   546 |   210 ||   756
 Fire: Hand crossbow     |       |       |       |    52 ||    52
Throw: Boomerang         |       |     5 |       |     3 ||     8
 Cast: Teleport Other    |       |     2 |    11 |     1 ||    14
       Blink             |       |       |     1 |    21 ||    22
Invok: Shadow Step       |       |       |       |     1 ||     1
Evoke: Wand              |       |       |       |     3 ||     3
  Use: Scroll            |       |     6 |    11 |       ||    17
       Potion            |       |       |     4 |     2 ||     6
 Stab: Distracted        |       |     1 |     3 |     1 ||     5
       Sleeping          |       |       |    37 |     9 ||    46
  Eat: Ration            |     1 |       |     6 |     3 ||    10
       Chunk             |     1 |     8 |    17 |     4 ||    30
Armor: Leather armour    |    25 |       |       |       ||    25
       Chain mail        |    63 |    60 |       |       ||   123
       Animal skin       |       |    21 |   152 |    26 ||   199
Dodge: Dodged            |    97 |   162 |   646 |   196 ||  1101

Table legend:
 A = Non-vault XP
 B = Vault XP
 C = Vault XP percentage of total XP
 D = Non-vault monster count
 E = Vault monster count
 F = Vault count percentage of total count
                 A         B        C        D         E       F
            +---------+---------+-------+---------+---------+-------
      Total |    9966 |    1594 |  13.8 |     209 |      49 |  19.0
            +---------+---------+-------+---------+---------+-------
        D:1 |      22 |       4 |  15.4 |      12 |       3 |  20.0
        D:2 |      14 |      18 |  56.2 |       9 |       9 |  50.0
        D:3 |     287 |      21 |   6.8 |      29 |       4 |  12.1
        D:4 |     314 |      71 |  18.4 |      18 |      13 |  41.9
        D:5 |     366 |       0 |   0.0 |      23 |       0 |   0.0
        D:6 |    1196 |      18 |   1.5 |      29 |       1 |   3.3
        D:7 |     906 |       0 |   0.0 |      29 |       0 |   0.0
        D:8 |     439 |       0 |   0.0 |      13 |       0 |   0.0
        D:9 |    3009 |     853 |  22.1 |      23 |      16 |  41.0
       D:10 |     240 |       0 |   0.0 |       9 |       0 |   0.0
     Lair:1 |    3083 |     609 |  16.5 |      14 |       3 |  17.6
     Lair:2 |      90 |       0 |   0.0 |       1 |       0 |   0.0
            +---------+---------+-------+---------+---------+-------
